AoeStats
← Tetractus

Oasis

509164151Analyzed
2v2 RM · 7d ago on Sep 25, 2026· 134m 9s· 4 players
Game mode
Random Map
Map size
Medium (4 player)
Population
200
Speed
Normal
Resources
Standard
Victory
Conquest
Starting age
Dark Age
Ending age
Imperial Age
RankedLock teamsTeams togetherTeam positionsShared explorationLock speedFull tech treeHidden civsTurbo modeCheats
Victory
Defeat
🇵🇷 Portuguese · Puerto Rico
1061
+15
🇪🇸 Spanish · Spain
1061
+15
🇩🇪 Mongols · Germany
1057
-16
🇩🇪 Slavs · Germany
1024
-14
leuler
7:28 Loom
9:32 Feudal Age
10:15 Double-Bit Axe
10:12 Horse Collar
19:24 Castle Age
19:49 Stone Mining
20:35 Bow Saw
22:40 Town Watch
23:32 Wheelbarrow
23:17 Fortified Wall
24:32 Heavy Plow
24:35 Fletching
26:53 Bodkin Arrow
27:09 Gold Mining
31:57 Imperial Age
30:27 Hand Cart
30:23 Padded Archer Armor
30:49 Ballistics
31:17 Stone Shaft Mining
31:18 Gold Shaft Mining
32:58 Conscription
32:56 Siege Engineers
33:05 Town Patrol
33:35 Drill
33:49 Husbandry
33:59 Bloodlines
33:51 Bracer
34:07 Leather Archer Armor
34:13 Onager
35:34 Siege Onager
37:14 Forging
37:09 Scale Barding Armor
36:28 Heavy Camel Rider
37:56 Caravan
41:43 Elite Mangudai
43:02 Iron Casting
42:48 Chain Barding Armor
45:14 Blast Furnace
45:00 Light Cavalry
47:39 Chemistry
46:35 Murder Holes
46:51 Masonry
46:17 Hussar
47:54 Scale Mail Armor
49:26 Heavy Scorpion
51:24 Capped Ram
53:06 Siege Ram
63:10 Chain Mail Armor
62:59 Squires
62:19 Pikeman
62:45 Arson
62:21 Man-at-Arms
67:51 Elite Steppe Lancer
99:34 Thumb Ring
110:03 Long Swordsman
Andril
0:26 Loom
12:03 Feudal Age
16:46 Castle Age
17:08 Wheelbarrow
16:22 Double-Bit Axe
16:47 Town Watch
17:52 Bow Saw
20:03 Horse Collar
20:24 Stone Mining
21:33 Gold Mining
26:08 Detinets
27:51 Heavy Plow
34:11 Imperial Age
32:49 Squires
32:10 Pikeman
32:10 Man-at-Arms
33:43 Hand Cart
33:48 Town Patrol
34:01 Caravan
36:45 Fletching
37:17 Conscription
38:12 Forging
38:00 Bodkin Arrow
38:11 Scale Barding Armor
38:37 Ballistics
38:13 Murder Holes
38:26 Siege Engineers
38:32 Masonry
38:32 Fortified Wall
46:12 Iron Casting
45:41 Scale Mail Armor
47:54 Druzhina
47:53 Onager
50:32 Blast Furnace
50:36 Chain Mail Armor
52:19 Long Swordsman
53:04 Halberdier
53:23 Two-Handed Swordsman
55:22 Champion
61:22 Plate Mail Armor
60:53 Padded Archer Armor
60:30 Elite Skirmisher
60:31 Crossbowman
62:48 Chain Barding Armor
67:13 Leather Archer Armor
68:00 Chemistry
70:29 Ring Archer Armor
70:36 Plate Barding Armor
69:53 Guard Tower
69:42 Capped Ram
71:18 Siege Ram
80:38 Bloodlines
79:54 Light Cavalry
80:39 Husbandry
80:31 Hussar
80:33 Cavalier
84:14 Siege Onager
Tetractus
11:41 Feudal Age
11:32 Loom
14:13 Horse Collar
22:27 Castle Age
20:22 Double-Bit Axe
20:30 Stone Mining
20:33 Gold Mining
26:04 Wheelbarrow
26:23 Heavy Plow
27:11 Bow Saw
28:46 Hand Cart
28:43 Town Watch
32:50 Imperial Age
30:56 Fortified Wall
31:37 Stone Shaft Mining
31:40 Town Patrol
32:57 Ballistics
34:39 Chemistry
34:12 Conscription
36:40 Padded Archer Armor
36:30 Fletching
37:47 Two-Man Saw
37:29 Elite Skirmisher
38:15 Thumb Ring
39:47 Husbandry
39:59 Bloodlines
39:10 Light Cavalry
41:07 Bodkin Arrow
41:27 Leather Archer Armor
41:24 Forging
41:20 Scale Barding Armor
43:04 Murder Holes
43:22 Bracer
43:53 Ring Archer Armor
43:59 Iron Casting
43:28 Hussar
50:33 Blast Furnace
49:54 Chain Barding Armor
53:40 Cavalier
54:31 Paladin
55:26 Caravan
57:17 Plate Barding Armor
63:17 Scale Mail Armor
64:04 Squires
63:51 Gambesons
63:54 Arson
63:31 Pikeman
65:05 Halberdier
67:19 Chain Mail Armor
68:00 Hoardings
71:52 Plate Mail Armor
71:00 Sappers
75:50 Guard Tower
76:24 Bombard Tower
93:09 Masonry
93:03 Guard Tower
92:58 Arrowslits
94:12 Architecture
93:31 Arrowslits
95:26 Onager
97:21 Coinage
97:06 Guilds
111:01 Man-at-Arms
111:59 Long Swordsman
120:16 Two-Handed Swordsman
125:12 Champion
130:07 Banking
Buonarroti
7:18 Loom
10:32 Feudal Age
11:35 Double-Bit Axe
11:57 Horse Collar
13:05 Bloodlines
19:37 Castle Age
20:56 Bow Saw
20:58 Town Watch
20:41 Crossbowman
21:17 Fletching
22:52 Wheelbarrow
22:22 Bodkin Arrow
22:28 Padded Archer Armor
23:10 Gold Mining
25:28 Heavy Plow
28:49 Thumb Ring
32:55 Imperial Age
31:40 Leather Archer Armor
31:49 Ballistics
31:31 Murder Holes
31:47 Masonry
31:56 Hand Cart
33:15 Town Patrol
33:39 Bracer
35:23 Conscription
34:25 Arbalester
35:29 Siege Engineers
36:07 Ring Archer Armor
36:17 Light Cavalry
36:57 Husbandry
37:07 Scale Barding Armor
37:13 Forging
38:08 Chain Barding Armor
39:10 Chemistry
38:41 Architecture
47:28 Plate Barding Armor
47:29 Iron Casting
48:41 Caravan
57:03 Blast Furnace
64:15 Two-Man Saw
63:49 Crop Rotation
73:19 Cavalier
83:48 Circumnavigation
96:49 Arquebus
96:13 Elite Organ Gun
131:55 Pikeman
132:21 Gambesons
131:57 Man-at-Arms
132:39 Scale Mail Armor
133:31 Long Swordsman
133:32 Halberdier
133:58 Arson
Connection lost

Rejoining the realm…

Still unreachable

The connection could not be restored.

Session expired

The server has moved on; the page needs a fresh start.